 Dungeon Crawl Stone Soup version 0.32-a0-900-g30fb1b0edc (webtiles) character file.

Game seed: 17019362130726989670

76 bronco the Grave Robber (level 4, -3/33 HPs)
             Began as a Mountain Dwarf Necromancer on Apr 5, 2024.
             Killed by divine providence
             ... invoked by an orc priest
              (11 damage)
             ... on level 2 of the Dungeon.
             The game lasted 00:05:25 (1792 turns).

bronco the Grave Robber (MDNe)                      Turns: 1792, Time: 00:05:26

Health: -3/33      AC:  7    Str: 11    XL:     4   Next: 12%
Magic:  2/6        EV: 10    Int: 17    God:
Gold:   85         SH:  0    Dex: 10    Spells: 2/6 levels left

rFire   . . .        a - +2 dagger (drain)
rCold   . . .        (no shield)
rNeg    . . .        h - +0 leather armour
rPois   .            (no helmet)
rElec   .            o - +0 cloak
rCorr   .            (no gloves)
SInv    .            g - +2 pair of boots
Will    +....        (no amulet)
Stlth   +            (no ring)
HPRegen 0.25/turn    (no ring)
MPRegen 0.10/turn

%: no passive effects
@: attractive, enlightened, flying
A: runic magic, artefact enchanting
a: Convert to Beogh


You were on level 2 of the Dungeon.
You visited 1 branch of the dungeon, and saw 2 of its levels.

You collected 85 gold pieces.

Inventory:

Hand Weapons
 a - a +2 dagger of draining (weapon)
 k - a +0 short sword
Missiles
 f - 22 stones
Armour
 e - a +0 robe
 g - a +2 pair of boots (worn)
 h - a +0 leather armour (worn)
 m - a +0 kite shield
 n - a +6 chain mail of ponderousness
 o - a +0 cloak (worn)
Magical Staves
 b - a staff of death
 i - a staff of alchemy
Scrolls
 c - a scroll of identify {unknown}
 d - 2 scrolls of poison {unknown}
 l - a scroll of amnesia {unknown}
Potions
 j - a potion of enlightenment
 r - a potion of magic
 s - a potion of brilliance {unknown}


   Skills:
 - Level 1.3 Dodging
 - Level 1.4 Stealth
 - Level 1.7 Spellcasting
 + Level 6.2 Necromancy


You had 2 spell levels left.
You knew the following spells:

 Your Spells              Type           Power      Damage    Failure   Level
a - Necrotise             Necr           88%        1d8       1%          1
b - Vampiric Draining     Necr           22%        2d7       4%          3

Your spell library contained the following spells:

 Spells                   Type           Power      Damage    Failure   Level
 Animate Dead             Necr           22%        N/A       16%         4
 Curse of Agony           Necr           22%        N/A       41%         5
 Summon Ice Beast         Ice/Summ       1%         N/A       54%         3
 Summon Mana Viper        Hex/Summ       1%         N/A       99%         5
 Monstrous Menagerie      Summ           0%         N/A       100%        7


Dungeon Overview and Level Annotations

Branches:
Dungeon (2/15)

Altars:


Innate Abilities, Weirdness & Mutations

Your spellcasting is much less encumbered by armour.
You can use scrolls of enchantment on lesser artefacts.


Message History

The orc priest shouts!
The orc wizard shouts!
An orc comes into view. It is wielding a +0 club.
You feel a surge of power!
The orc barely resists.
The orc shouts!
You feel a surge of power!
The orc writhes in agony!
You kill the orc!
The dead are walking!
The orc wizard mumbles some strange words.
The orc wizard flickers and vanishes!
Deactivating autopickup; reactivate with Ctrl-A.
You feel a surge of power!
Something writhes in agony.
Something hits you.
You feel a surge of power!
Something writhes in agony.
The orc priest calls down the wrath of Beogh upon you.
Beogh smites you! Something hits your orc skeleton.
The orc priest shouts, "The Pantheon deserves no one's loyalty.
Let us show you the true path!" (press Y on the ability menu to convert to Beogh) Unknown command.
You sense an unholy aura.
a - a +1 dagger of draining (weapon)
Something hits your orc skeleton.
You hit something but do no damage.
The orc priest mumbles some strange prayers to Beogh against you.
Beogh smites you!
* * * LOW HITPOINT WARNING * * *
Something hits your orc skeleton.
Your orc skeleton is destroyed!
You barely miss something.
It was a potion of enlightenment.
You feel very buoyant.
You fly up into the air.
Something hits you but does no damage.
It was a potion of attraction.
You feel attractive to monsters. The orc hits you but does no damage.
Something hits you but does no damage.
As you read the scroll labelled UBLIMI CEBUGG, it crumbles to dust.
It is a scroll of enchant weapon.
Your +1 dagger of draining glows red for a moment.
The orc closely misses you.
The orc priest invokes the aid of Beogh against you.
Beogh smites you!
You die...

#..#####...#......#
....).)#.....###..#
.............###).########
###.##.....#.....>.......#
##.##....######..###....#
#.....#####......# #....#
#...#..#####.###.## #....#
#...##.......# #{####....#
..#####....### #@oo.######
#.###...##.# ####.#
..#.).### .. $. .##.###
... o.. ##..# #. .. .<.##
. .### ##


You could see an orc priest and an orc.

Vanquished Creatures
  Terence (D:2)
  A dart slug (D:1)
  A ribbon worm (D:2)
  2 orcs (D:2)
  2 bats (D:1)
  4 endoplasms (D:1)
  A giant cockroach (D:2)
  6 goblins
  5 hobgoblins
  2 kobolds
  2 quokkas
  5 ball pythons
  7 rats
39 creatures vanquished.

Vanquished Creatures (collateral kills)
  A goblin (D:2)
  A frilled lizard (D:1)
2 creatures vanquished.

Grand Total: 41 creatures vanquished

Notes
Turn   | Place    | Note
-------+----------+-------------------------------------------
     0 | D:1      | bronco the Mountain Dwarf Necromancer began the quest for
                  | the Orb.
     0 | D:1      | Reached XP level 1. HP: 14/14 MP: 3/3
   304 | D:1      | Reached XP level 2. HP: 20/20 MP: 2/4
   435 | D:1      | Reached skill level 5 in Necromancy
   475 | D:1      | Found a faded altar of an unknown god.
   959 | D:1      | Reached XP level 3. HP: 26/26 MP: 3/5
  1113 | D:1      | Learned a level 3 spell: Vampiric Draining
  1228 | D:2      | Noticed Terence
  1278 | D:2      | Killed Terence
  1279 | D:2      | Reached skill level 6 in Necromancy
  1429 | D:2      | Reached XP level 4. HP: 33/33 MP: 3/6
  1792 | D:2      | Killed from afar by an orc priest

Illustrated notes

Levels and vault maps discovered:
D:1:      onia_arrival_handbag, layout_basic, dilly_ecumenical_altar_fadedgnrine
D:2:      layout_rooms, minmay_strange_pillars, uniq_terence

Skill      XL: |  1  2  3 |
---------------+----------+-----
Necromancy     | 5 6 |  6.2
Dodging        | |  1.3
Stealth        | |  1.4
Spellcasting   | |  1.7

Action                     |  1- 3 |  4- 6 || total
---------------------------+-------+-------++-------
  Melee: Unarmed           |     8 |       ||     8
         Dagger            |    34 |     6 ||    40
   Cast: Necrotise         |    49 |    12 ||    61
         Vampiric Draining |     1 |       ||     1
    Use: Potion            |       |     2 ||     2
         Scroll            |       |     1 ||     1
 Armour: Robe              |     1 |       ||     1
         Leather armour    |    28 |     8 ||    36
  Dodge: Dodged            |    25 |     3 ||    28

Table legend: (Time is in decaauts)
 A = Elapsed time spent in this place.
 B = Non-inter-level travel time spent in this place.
 C = Inter-level travel time spent in this place.
 D = Time resting spent in this place.
 E = Time spent auto-exploring this place.
 F = Levels seen in this place.
 G = Mean time per level.
                   A        B        C        D        E       F      G
               +--------+--------+--------+--------+--------+-----+--------+
         Total |   1789 |   1736 |     53 |     28 |   1410 |   2 |  894.5 |
       Dungeon |   1789 |   1736 |     53 |     28 |   1410 |   2 |  894.5 |
               +--------+--------+--------+--------+--------+-----+--------+

Top non-repeatable levels by time:
     D:1: 1222 daAuts
     D:2: 566 daAuts
